 Dungeon Crawl Stone Soup version 0.25.1-2-g60ff931df9 (webtiles) character file.

Game seed: 6405603873776726768

110 DungeonDestroyer the Covered (level 4, 0/35 HPs)
             Began as a Demonspawn Fighter on Aug 18, 2020.
             Slain by an orc warrior
             ... wielding a +0 scimitar
              (23 damage)
             ... on level 2 of the Dungeon.
             The game lasted 00:01:49 (1605 turns).

DungeonDestroyer the Covered (Demonspawn Fighter)   Turns: 1605, Time: 00:01:50

Health: 0/35       AC:  6    Str: 17      XL:     4   Next: 61%
Magic:  4/4        EV:  7    Int:  9 (10) God:
Gold:   97         SH:  8    Dex: 10 (12) Spells: 3/3 levels left

rFire    . . .     SeeInvis .   a - +0 war axe
rCold    . . .     Gourm    .   c - +0 kite shield
rNeg     . . .     Faith    .   b - +0 scale mail
rPois    .         Spirit   .   (no helmet)
rElec    .         Reflect  .   (no cloak)
rCorr    .         Harm     .   (no gloves)
MR       .....                  (no boots)
Stlth    ..........             (no amulet)
HPRegen  0.11/turn              (no ring)
MPRegen  0.09/turn              (no ring)

@: no status effects
A: claws 2, talons 1
a: no special abilities


You were on level 2 of the Dungeon.
You were not hungry.

You visited 1 branch of the dungeon, and saw 2 of its levels.

You collected 97 gold pieces.

Inventory:

Hand Weapons
 a - a +0 war axe (weapon)
Armour
 b - a +0 scale mail (worn)
 c - a +0 kite shield (worn)
Scrolls
 g - 2 scrolls of blinking {unknown}
 h - 2 scrolls of remove curse {unknown}
 j - a scroll of immolation {unknown}
 m - 3 scrolls of identify
Potions
 d - a potion of might
 e - a potion of resistance {unknown}
 i - 2 potions of curing
 k - a potion of mutation
Comestibles
 f - 3 rations


   Skills:
 + Level 3.3 Fighting
 + Level 3.1 Axes
 + Level 3.4 Armour
 + Level 0.1 Dodging
 + Level 0.1 Stealth
 + Level 3.2 Shields


You had 3 spell levels left.
You didn't know any spells.
Your spell library was empty.

Dungeon Overview and Level Annotations

Branches:
Dungeon (2/15)

Altars:


Innate Abilities, Weirdness & Mutations

You have very sharp fingernails.
You have sharp toenails.


Message History

You closely miss the orc warrior. You block the orc warrior's attack.
Unknown command.
There are monsters nearby!
You hit the orc warrior but do no damage.
You claw the orc warrior, but do no damage.
The orc warrior hits you but does no damage.
Unknown command.
There are monsters nearby!
Your shield prevents you from hitting the orc warrior.
You claw the orc warrior, but do no damage.
The giant cockroach waves its antennae.
The orc warrior hits you with a +0 scimitar!
The orc warrior hits you but does no damage.
Your shield and scale mail prevent you from hitting the orc warrior.
You claw the orc warrior.
The orc warrior is lightly wounded.
An orc comes into view. It is wielding a +0 dagger.
The orc warrior hits you with a +0 scimitar!!
Ouch! That really hurt!
You die...

#......>....................
#..........<########.#######
........##### #.#
###...#.##### #.# .....
#.....# #.## ###. #####.#
#..### # #.# ##...#### #.#
#........ #@# #.####... #o#
###.# ###. #o# #...# ## #s#
#...# #o# #...#


#ro #...# #.o ###.# #.. ###.##### #.......# You could see an orc warrior, 4
orcs, a giant cockroach and a rat.

Vanquished Creatures
  Terence (D:2)
  Robin (D:2)
  An adder (D:2)
  A worm (D:2)
  2 dart slugs (D:1)
  3 leopard geckos
  A ball python (D:2)
  2 giant cockroaches
  12 goblins
  10 hobgoblins
  5 bats
  3 frilled lizards
  4 kobolds
  7 rats
53 creatures vanquished.

Notes
Turn   | Place    | Note
-------+----------+-------------------------------------------
     0 | D:1      | DungeonDestroyer the Demonspawn Fighter began the quest for
                  | the Orb.
     0 | D:1      | Reached XP level 1. HP: 18/18 MP: 1/1
   149 | D:1      | Gained mutation: You have sharp fingernails. [demonic
                  | ancestry]
   149 | D:1      | Reached XP level 2. HP: 23/24 MP: 2/2
   446 | D:1      | Gained mutation: You have very sharp fingernails. [demonic
                  | ancestry]
   446 | D:1      | Reached XP level 3. HP: 29/29 MP: 3/3
   565 | D:1      | Gained mutation: You evolve. [potion of mutation]
   565 | D:1      | Lost mutation: You evolve. [potion of mutation]
   565 | D:1      | Gained mutation: You have sharp toenails. [potion of
                  | mutation]
   751 | D:2      | Noticed Robin
   772 | D:2      | Killed Robin
  1082 | D:2      | Found a faded altar of an unknown god.
  1216 | D:2      | Noticed Terence
  1225 | D:2      | Killed Terence
  1225 | D:2      | Reached XP level 4. HP: 33/35 MP: 4/4
  1597 | D:2      | Noticed an orc warrior
  1605 | D:2      | Slain by an orc warrior

Illustrated notes

Levels and vault maps discovered:
D:1:      lemuel_arrival_hallway, layout_rooms, hex_medium
D:2:      layout_basic, chequers_ecumenical_altar_simple, minmay_misc_feat_iff,
          bh_walls_and_bars, uniq_terence, uniq_robin

Skill      XL: |  1  2  3 |
---------------+----------+-----
Armour         | 3 |  3.4
Axes           | 2 3 |  3.1
Shields        | 3 |  3.2
Fighting       | |  3.3
Dodging        | |  0.1
Stealth        | |  0.1

Action                   |  1- 3 |  4- 6 || total
-------------------------+-------+-------++-------
Melee: War axe           |   112 |    42 ||   154
       Kick              |    12 |     8 ||    20
  Use: Potion            |     3 |       ||     3
       Scroll            |     1 |       ||     1
  Eat: Chunk             |     1 |     2 ||     3
Armor: Scale mail        |    57 |    18 ||    75
Dodge: Dodged            |    33 |    15 ||    48
Block: Kite shield       |    59 |    22 ||    81
